AoeStats
← Angelita Socialista

Hideout

509796675Analyzed
1v1 RM · 5d ago on Sep 28, 2026· 32m 41s· 2 players
Game mode
Random Map
Map size
Tiny (2 player)
Population
200
Speed
Normal
Resources
Standard
Victory
Conquest
Starting age
Dark Age
Ending age
Imperial Age
RankedLock teamsTeams togetherTeam positionsShared explorationLock speedFull tech treeHidden civsTurbo modeCheats
Victory
Defeat
🇲🇽 Slavs · Mexico
739
+16
🇦🇷 Spanish · Argentina
736
-16
Angelita Socialista
5:14 Loom
10:19 Feudal Age
17:23 Double-Bit Axe
21:12 Castle Age
19:38 Horse Collar
21:38 Wheelbarrow
21:35 Bloodlines
22:36 Bow Saw
25:35 Thumb Ring
28:06 Husbandry
AirEndymion113
8:15 Loom
10:35 Feudal Age
11:16 Double-Bit Axe
10:54 Man-at-Arms
20:26 Castle Age
18:52 Scale Mail Armor
19:30 Forging
20:38 Long Swordsman
21:19 Horse Collar
24:50 Squires
27:11 Chain Mail Armor
Connection lost

Rejoining the realm…

Still unreachable

The connection could not be restored.

Session expired

The server has moved on; the page needs a fresh start.